 Dungeon Crawl Stone Soup version 0.24.0-13-gcf9b3192b9 (webtiles) character file.

Game seed: 3996307403962620080, levelgen mode: deterministic

126 Metae the Conjurer (level 4, 0/24 HPs)
             Began as a Deep Elf Conjurer on Nov 7, 2019.
             Killed from afar by an orc wizard (6 damage)
             ... with a magic dart
             ... on level 3 of the Dungeon.
             The game lasted 00:19:38 (2316 turns).

Metae the Conjurer (Deep Elf Conjurer)              Turns: 2316, Time: 00:19:38

Health: 0/24       AC:  3    Str:  5    XL:     4   Next: 84%
Magic:  8/12       EV: 13    Int: 21    God:
Gold:   67         SH:  0    Dex: 15    Spells: 5/11 levels left

rFire    . . .     SeeInvis .   j - +0 dagger (drain)
rCold    . . .     Gourm    .   (no shield)
rNeg     . . .     Faith    .   a - +0 robe
rPois    .         Spirit   .   (no helmet)
rElec    .         Reflect  .   (no cloak)
rCorr    .         Harm     .   i - +0 pair of gloves
MR       .....                  (no boots)
Stlth    ++........             (no amulet)
HPRegen  0.08/turn              (no ring)
MPRegen  0.13/turn              (no ring)

@: hasted, very quick
A: no striking features
a: no special abilities


You were on level 3 of the Dungeon.
You were not hungry.

You visited 1 branch of the dungeon, and saw 3 of its levels.

You collected 67 gold pieces.

Inventory:

Hand Weapons
 d - a +0 dagger of electrocution
 j - a +0 dagger of draining (weapon)
Armour
 a - a +0 robe (worn)
 i - a +0 pair of gloves (worn)
Wands
 l - a wand of clouds (5)
Scrolls
 b - a scroll of teleportation {unknown}
 g - 2 scrolls of identify
Potions
 e - a potion of agility
 k - a potion of berserk rage {unknown}
Comestibles
 c - 7 rations
 f - 3 chunks of flesh


   Skills:
 - Level 2.4 Dodging
 + Level 2.6 Stealth
 + Level 4.0 Spellcasting
 + Level 6.3 Conjurations


You had 5 spell levels left.
You knew the following spells:

 Your Spells              Type           Power        Failure   Level  Hunger
a - Magic Dart            Conj           ####         1%          1    None
b - Searing Ray           Conj           ####..       1%          2    #......
c - Dazzling Spray        Conj/Hex       ###...       10%         3    ###....

Your spell library contained the following spells:

 Spells                   Type           Power        Failure   Level  Hunger
 Iskenderun's Mystic Bla  Conj           ####....     9%          4    ####...
 Force Lance              Conj/Tloc      ###.....     32%         4    ####...
 Fulminant Prism          Conj/Hex       ###.......   32%         4    ####...


Dungeon Overview and Level Annotations

Branches:
Dungeon (3/15)

Altars:
Makhleb
Uskayaw


Message History

The orc wizard completely misses you. The orc misses you.
The orc wizard barely misses you.
The orc wizard mumbles some strange words.
The orc wizard blinks!
The orc hits you with a +0 short sword. The orc hits you with a +0 short sword.
The orc wizard casts a spell at you. You resist with some effort.
The orc closely misses you.
Casting: Searing Ray (safe; 1% risk of failure)
Confirm with . or Enter, or press ? or * to list all spells.
Aiming: Magic Dart (safe; 1% risk of failure)
Press: ? - help, Shift-Dir - straight line, p - orc wizard You can't see that place.
Okay, then.
The orc wizard casts a spell at you. The magic dart hits you.
* * * LOW HITPOINT WARNING * * *
It was a potion of haste.
You feel yourself speed up.
The orc wizard gestures at you while chanting.
The magic dart hits you.
You die...

#.#.### #.#....
#.#.#.# #.#.#.#
###.#.#.# +........
#######.#
###################.#
+..o@................
#...#o###############
#...#)# . #####.. #
####


You could see an orc wizard and an orc.

Vanquished Creatures
  Natasha (thrice) (D:2)
  4 dart slugs
  An orc (D:3)
  2 ball pythons (D:1)
  4 giant cockroaches
  6 goblins
  8 hobgoblins
  4 bats
  A frilled lizard (D:2)
  5 kobolds
  5 rats
43 creatures vanquished.

Notes
Turn   | Place    | Note
-------+----------+-------------------------------------------
     0 | D:1      | Metae the Deep Elf Conjurer began the quest for the Orb.
     0 | D:1      | Reached XP level 1. HP: 10/10 MP: 6/6
   219 | D:1      | Reached XP level 2. HP: 14/15 MP: 0/8
   293 | D:1      | Learned a level 2 spell: Searing Ray
   394 | D:1      | You fall into a shaft and drop 1 floor!
   469 | D:2      | Reached skill level 5 in Conjurations
   535 | D:2      | Noticed Natasha
   936 | D:1      | Reached XP level 3. HP: 16/19 MP: 1/9
  1373 | D:2      | Killed Natasha
  1564 | D:2      | Learned a level 3 spell: Dazzling Spray
  1583 | D:2      | Noticed Natasha
  1591 | D:2      | Killed Natasha
  1591 | D:2      | Reached skill level 6 in Conjurations
  1591 | D:2      | Reached XP level 4. HP: 24/24 MP: 5/11
  1641 | D:2      | Noticed Natasha
  1646 | D:2      | Killed Natasha
  1751 | D:2      | Found a hide-covered altar of Uskayaw.
  1777 | D:2      | Found a burning altar of Makhleb.
  1777 | D:2      | Noticed a cacodemon
  2316 | D:3      | Killed from afar by an orc wizard

Levels and vault maps discovered:
D:1:      dpeg_arrival_rooms_with_view, layout_basic
D:2:      layout_rooms, marbit_many_paths, makhleb_altar_promises_db,
          uniq_natasha
D:3:      layout_basic

Skill      XL: |  1  2  3  4 |
---------------+-------------+-----
Conjurations   | 5 6 |  6.3
Spellcasting   | 4 |  4.0
Dodging        | |  2.4
Stealth        | |  2.6

Action                   |  1- 3 |  4- 6 || total
-------------------------+-------+-------++-------
Melee: Unarmed           |     4 |       ||     4
       Dagger            |     5 |     1 ||     6
 Cast: Magic Dart        |    52 |    26 ||    78
       Searing Ray       |     3 |     2 ||     5
  Use: Scroll            |       |     5 ||     5
       Potion            |       |     1 ||     1
  Eat: Ration            |     1 |       ||     1
       Chunk             |       |     1 ||     1
Armor: Robe              |     2 |     2 ||     4
Dodge: Dodged            |    14 |     9 ||    23
